 Dungeon Crawl Stone Soup version 0.29.1-2-gbd0b4ee654 (webtiles) character file.

Game seed: 4911385648120630701

286 safid the Shooter (level 6, -10/57 HPs)
             Began as a Minotaur Hunter on Nov 28, 2022.
             Mangled by an ogre
             ... wielding a +0 giant club
              (20 damage)
             ... on level 5 of the Dungeon.
             The game lasted 00:05:46 (2696 turns).

safid the Shooter (Minotaur Hunter)                 Turns: 2696, Time: 00:05:47

Health: -10/57     AC:  8    Str: 16    XL:     6   Next: 8%
Magic:  5/5        EV: 10    Int:  6    God:
Gold:   218        SH:  0    Dex: 15    Spells: 5/5 levels left

rFire   . . .      SeeInvis .   a - +0 shortbow
rCold   . . .      Faith    .   (shield currently unavailable)
rNeg    + . .      Spirit   .   j - +0 scale mail
rPois   .          Reflect  .   (helmet restricted)
rElec   .          Harm     +   (no cloak)
rCorr   .          Rampage  .   m - +1 pair of gloves "Icawin" {Harm rN+ Will+ Regen+}
Will    +....                   (no boots)
Stlth   ..........              (no amulet)
HPRegen 0.99/turn               (no ring)
MPRegen 0.09/turn               (no ring)

@: no status effects
A: horns 2, retaliatory headbutt
a: no special abilities


You were on level 5 of the Dungeon.
You visited 1 branch of the dungeon, and saw 5 of its levels.

You collected 218 gold pieces.

Inventory:

Hand Weapons
 a - a +0 shortbow (weapon)
Missiles
 l - 5 javelins
Armour
 c - a +0 leather armour
 j - a +0 scale mail (worn)
 m - the +1 pair of gloves "Icawin" (worn) {Harm rN+ Will+ Regen+}
   (You found it on level 2 of the Dungeon)

   rN:        It protects you from negative energy.
   Regen:     It increases your rate of health regeneration.
   Harm:      It increases damage dealt and taken.
   Will:      It increases your willpower.
Jewellery
 r - a +6 ring of intelligence
Scrolls
 b - 2 scrolls of immolation
 e - a scroll of vulnerability {unknown}
 i - 6 scrolls of identify {unknown}
 k - 3 scrolls of teleportation {unknown}
 n - 2 scrolls of blinking {unknown}
 s - 2 scrolls of summoning {unknown}
 t - a scroll of brand weapon {unknown}
 v - 2 scrolls of butterflies {unknown}
 w - a scroll of magic mapping {unknown}
 y - a scroll of noise {unknown}
 z - a scroll of enchant weapon {unknown}
 A - a scroll of poison {unknown}
Potions
 d - 3 potions of heal wounds {unknown}
 f - 3 potions of cancellation {unknown}
 g - 6 potions of haste {unknown}
 h - 5 potions of curing {unknown}
 o - a potion of invisibility {unknown}
 p - a potion of brilliance {unknown}
 q - 4 potions of attraction {unknown}
 u - a potion of might {unknown}
 x - a potion of resistance {unknown}


   Skills:
 + Level 5.7 Fighting
 + Level 6.5 Ranged Weapons
 - Level 2.1 Dodging
 - Level 0.7 Stealth


You had 5 spell levels left.
You didn't know any spells.
Your spell library contained the following spells:

 Spells                   Type           Power      Damage    Failure   Level
 Apportation              Tloc           0%         N/A       88%         1
 Necrotise                Necr           0%         1d4       88%         1
 Summon Small Mammal      Summ           0%         N/A       88%         1
 Call Canine Familiar     Summ           0%         N/A       99%         3
 Gell's Gravitas          Tloc           0%         N/A       99%         3
 Summon Guardian Golem    Hex/Summ       0%         N/A       99%         3
 Teleport Other           Tloc           0%         N/A       99%         3
 Dispersal                Tloc           0%         N/A       100%        6


Dungeon Overview and Level Annotations

Branches:
Dungeon (5/15)
 Temple: D:4-7

Altars:
Cheibriados
Gozag
Xom

Annotations:
D:2 Sigmund


Innate Abilities, Weirdness & Mutations

You have a pair of horns on your head.
You reflexively headbutt those who attack you in melee.


Message History

The ogre is moderately wounded.
The hound barely misses you.
A gnoll comes into view. It is wielding a +0 flail.
A howler monkey comes into view.
The hound bites you.
You shoot an arrow. The howler monkey howls!
The gnoll shouts!
The arrow hits the ogre.
The ogre is moderately wounded.
You hear a shout!
The ogre hits you with a +0 giant club!!
Ouch! That really hurt!
* * * LOW HITPOINT WARNING * * *
The hound barely misses you.
A gnoll comes into view. It is wielding a +0 club.
The hound bites you but does no damage.
You are too injured to fight recklessly!
You are too injured to fight recklessly!
Fire: a) +0 shortbow
Press: ? - help, Q - select action, (/) - cycle Shift-Dir - straight line, f/p - ogre
Aim: an ogre, wielding a +0 giant club (moderately wounded, 77% to hit)
You shoot an arrow. The arrow closely misses the ogre.
The arrow completely misses the howler monkey.
The howler monkey hoots and howls with incredible vigour!
The hound bites you.
* * * LOW HITPOINT WARNING * * *
The ogre hits you with a +0 giant club.
* * * LOW HITPOINT WARNING * * *
The hound bites you.
* * * LOW HITPOINT WARNING * * *
You hear a bark!
You hear a shout! x6
Fire: a) +0 shortbow
Press: ? - help, Q - select action, (/) - cycle Shift-Dir - straight line, f/p - ogre
Aim: an ogre, wielding a +0 giant club (moderately wounded, 77% to hit)
You shoot an arrow. The arrow hits the ogre!
The ogre is severely wounded.
You hear a shout! x2
The howler monkey hoots and howls with incredible vigour!
The hound misses you. The ogre hits you with a +0 giant club!
You die...

.... ....... #...#.......
+..[#..g.h.. ...#....g..
#..#..g.$.. +..#.......
+..#O...... ##..@h......
#........... ####
#....#.#.### # #..#
#...##.#..#
#######..####..###.##.#####..
.............................
.#...##........#..###.#####..
........####..#.<####.####
.######[..#.....##.......#


You could see an ogre, a howler monkey, a hound and 3 gnolls.

Vanquished Creatures
  2 orc priests
  Ijyb (D:4)
  An orc wizard (D:4)
  5 adders (D:2)
  A white imp (D:5)
  An ufetubus (D:4)
  5 worms
  2 dart slugs (D:1)
  10 orcs
  9 ball pythons
  3 bats
  7 endoplasms
  2 giant cockroaches
  12 goblins
  7 hobgoblins
  3 jackals (D:2)
  11 kobolds
  A quokka (D:1)
  2 frilled lizards
  8 rats
93 creatures vanquished.

Vanquished Creatures (others)
  6 demonic plants (D:2)
  3 fungi (D:2)
  4 plants (D:2)
  5 withered plants (D:2)
18 creatures vanquished.

Grand Total: 111 creatures vanquished

Notes
Turn   | Place    | Note
-------+----------+-------------------------------------------
     0 | D:1      | safid the Minotaur Hunter began the quest for the Orb.
     0 | D:1      | Reached XP level 1. HP: 18/18 MP: 0/0
    55 | D:1      | Reached XP level 2. HP: 24/25 MP: 1/1
   369 | D:1      | Reached skill level 5 in Ranged Weapons
   392 | D:1      | Reached XP level 3. HP: 31/31 MP: 2/2
   596 | D:2      | Identified the +1 dagger of Due Proportion {distort, rElec}
   618 | D:2      | Identified the +1 pair of gloves "Icawin" {Harm rN+ Will+
                  | Regen+}
   643 | D:2      | Found a faded altar of an unknown god.
   944 | D:2      | Reached XP level 4. HP: 40/40 MP: 3/3
   967 | D:2      | Noticed Sigmund
  1493 | D:3      | Reached XP level 5. HP: 47/47 MP: 4/4
  1839 | D:3      | Found a snail-covered altar of Cheibriados.
  1859 | D:3      | Reached skill level 6 in Ranged Weapons
  1948 | D:3      | Reached skill level 5 in Fighting
  2208 | D:4      | Found an opulent altar of Gozag.
  2237 | D:4      | Noticed Ijyb
  2266 | D:4      | Killed Ijyb
  2267 | D:4      | Reached XP level 6. HP: 49/56 MP: 5/5
  2400 | D:4      | Found a shimmering altar of Xom.
  2606 | D:5      | Entered Level 5 of the Dungeon
  2696 | D:5      | Mangled by an ogre

Illustrated notes

Levels and vault maps discovered:
D:1:      psy_arrival_radial02, layout_rooms, minmay_tromino_i4
D:2:      layout_loops_cross, shapermc_ecumenical_altar_gd,
          minmay_goblin_kobold_house, uniq_sigmund
D:3:      layout_loops_ring, slow_altar_1
D:4:      layout_gridville, mainiacjoe_overflow_alcove_2,
          mainiacjoe_overflow_concentric_impassable, uniq_ijyb
D:5:      corexii_shantytown, layout_rooms, nicolae_qazlal_general_emergency,
          minmay_misc_feat_cross

Skill      XL: |  1  2  3  4  5 |
---------------+----------------+-----
Fighting       | 3 4 5 |  5.7
Ranged Weapons | 5 6 |  6.5
Dodging        | |  2.1
Stealth        | |  0.7

Action                   |  1- 3 |  4- 6 || total
-------------------------+-------+-------++-------
 Fire: Shortbow          |   102 |   174 ||   276
Armor: Scale mail        |    15 |    41 ||    56
       Leather armour    |     1 |       ||     1
Dodge: Dodged            |    11 |    41 ||    52
